 Dungeon Crawl Stone Soup version 0.27-a0-1200-g94dc6ad4cf (webtiles) character file.

Game seed: 127163579273655175

1164 Lanoc the Geomancer (level 8, 0/52 HPs)
             Began as a Formicid Earth Elementalist on May 30, 2021.
             Was an Initiate of Ashenzari.
             Slain by Maggie
             ... wielding a +2 halberd of flaming
              (4 damage)
             ... on level 6 of the Dungeon.
             The game lasted 00:09:05 (7607 turns).

Lanoc the Geomancer (Formicid Earth Elementalist)   Turns: 7607, Time: 00:09:06

Health: 0/52       AC:  2    Str: 13    XL:     8   Next: 67%
Magic:  5/11       EV: 13    Int: 23    God:    Ashenzari [......]
Gold:   263        SH:  0    Dex: 11    Spells: 3/11 levels left

rFire    . . .     SeeInvis +   a - staff of earth
rCold    . . .     Faith    .   (no shield)
rNeg     . . .     Spirit   .   c - +0 robe "Cursed With Me" {Alch, Range} (curse)
rPois    .         Reflect  .   (helmet unavailable)
rElec    .         Harm     .   (no cloak)
rCorr    .         Rampage  .   (no gloves)
Will     +....                  (no boots)
Stlth    ++........             (no amulet)
HPRegen  0.17/turn              p - +6 ring of intelligence
MPRegen  0.12/turn              s - ring of willpower

@: mesmerised
A: permanent stasis, dig shafts and tunnels, antennae 3, four strong arms
a: Dig, Shaft Self, Renounce Religion, Shatter the Chains


You were on level 6 of the Dungeon.
You worshipped Ashenzari.
Ashenzari was noncommittal.
You visited 2 branches of the dungeon, and saw 7 of its levels.

You collected 263 gold pieces.

Inventory:

Hand Weapons
 b - a +5 dagger
Missiles
 j - 87 stones
 r - a throwing net
Armour
 c - the cursed +0 robe "Cursed With Me" (worn) {Alch, Range}

   It has a curse which improves the following skills: Alchemy: Poison Magic and
   Transmutations.
   Ranged Combat: Slings, Bows, Crossbows and Throwing.
Magical Staves
 a - a staff of earth (weapon)
Jewellery
 p - a +6 ring of intelligence (left hand)
 s - a ring of willpower (right hand)
Wands
 d - a wand of charming (14)
Scrolls
 e - a scroll of magic mapping
 f - a scroll of immolation
 i - a scroll of holy word
 o - a scroll of fog
 t - a scroll of enchant armour
 v - a scroll of amnesia
Potions
 g - a potion of lignification
 h - 3 potions of curing
 k - a potion of mutation
 l - 4 potions of attraction
 m - 2 potions of ambrosia
 n - 2 potions of heal wounds
 q - a potion of flight


   Skills:
 + Level 5.3 Dodging
 - Level 2.4 Stealth
 - Level 2.1 Spellcasting
 - Level 1.1(1.4) Transmutations
 * Level 10.1 Earth Magic


You had 3 spell levels left.
You knew the following spells:

 Your Spells              Type           Power      Damage    Failure   Level
a - Sandblast             Erth           100%       2d20      1%          1
b - Passwall              Tmut/Erth      35%        N/A       1%          2
c - Lee's Rapid Deconstr  Erth           32%        3d18*     5%          5

Your spell library contained the following spells:

 Spells                   Type           Power      Damage    Failure   Level
 Stone Arrow              Conj/Erth      76%        3d11      4%          3
 Corona                   Hex            2%         N/A       13%         1
 Magic Dart               Conj           8%         1d3       13%         1
 Searing Ray              Conj           4%         3d3       19%         2
 Slow                     Hex            2%         N/A       19%         2
 Dazzling Flash           Conj/Hex       4%         N/A       36%         3
 Inner Flame              Hex/Fire       2%         N/A       36%         3
 Portal Projectile        Hex/Tloc       4%         N/A       36%         3
 Petrify                  Tmut/Erth      43%        N/A       12%         4
 Leda's Liquefaction      Hex/Erth       19%        N/A       16%         4
 Cause Fear               Hex            1%         N/A       77%         4
 Fulminant Prism          Conj/Hex       1%         3d6       77%         4
 Iskenderun's Mystic Bla  Conj/Tloc      2%         2d3       77%         4


Dungeon Overview and Level Annotations

Branches:
Dungeon (6/15)             Temple (1/1) D:5

Altars:
Ashenzari
Cheibriados
Dithmenos
Elyvilon
Fedhas
Gozag
Hepliaklqana
Kikubaaqudgha
Makhleb
Nemelex Xobeh
Okawaru
Qazlal
Ru
Sif Muna
Uskayaw
Vehumet
Wu Jian
Xom
Yredelemnul
Zin
The Shining One

Shops:
D:2 :

Annotations:
D:3 2 transporters, polve's ghost, amateur DsGl
D:6 Maggie


Innate Abilities, Weirdness & Mutations

You cannot be hasted, slowed, berserked, paralysed or teleported.
You can dig through walls and to a lower floor.
You have a pair of large antennae on your head. (SInv)
Your four strong arms can wield two-handed weapons with a shield.


Message History

Casting: Sandblast (safe; 1% risk of failure)
Confirm with . or Enter, or press ? or * to list all spells.
Aiming: Sandblast (safe; 1% risk of failure)
Press: ? - help, Shift-Dir - straight line, f/p - Maggie
Aim: Maggie, wielding a +2 halberd of flaming and wearing +0 acid dragon scales (84% to hit)
You feel a surge of power!
The blast of sand hits Maggie!
Maggie is lightly wounded.
Maggie hits you from afar with a +2 halberd of flaming!
Maggie burns you.
Casting: Sandblast (safe; 1% risk of failure)
Confirm with . or Enter, or press ? or * to list all spells.
Aiming: Sandblast (safe; 1% risk of failure)
Press: ? - help, Shift-Dir - straight line, f/p - Maggie
Aim: Maggie, wielding a +2 halberd of flaming and wearing +0 acid dragon scales (lightly wounded, 84% to hit)
You feel a surge of power!
The blast of sand hits Maggie!
Maggie is moderately wounded.
Maggie gestures wildly while chanting.
Maggie attempts to bespell you!
You are mesmerised by Maggie!
Casting: Sandblast (safe; 1% risk of failure)
Confirm with . or Enter, or press ? or * to list all spells.
Aiming: Sandblast (safe; 1% risk of failure)
Press: ? - help, Shift-Dir - straight line, f/p - Maggie
Aim: Maggie, wielding a +2 halberd of flaming and wearing +0 acid dragon scales (moderately wounded, mesmerising, 84% to hit)
You feel a surge of power!
The blast of sand hits Maggie but does no damage.
Maggie is moderately wounded.
Maggie hits you from afar with a +2 halberd of flaming!
Maggie burns you.
Casting: Sandblast (safe; 1% risk of failure)
Confirm with . or Enter, or press ? or * to list all spells.
Aiming: Sandblast (safe; 1% risk of failure)
Press: ? - help, Shift-Dir - straight line, f/p - Maggie
Aim: Maggie, wielding a +2 halberd of flaming and wearing +0 acid dragon scales (moderately wounded, mesmerising, 84% to hit)
You feel a surge of power!
The blast of sand hits Maggie!
Maggie is heavily wounded.
Maggie hits you from afar with a +2 halberd of flaming!
* * * LOW HITPOINT WARNING * * *
Maggie burns you.
You die...

....#.>........
................
................
#...............
#..............
#..[..........#
#.............#
#.....@.@....#
#...........##
##....#######
##...## ##..#..#
###..##..#
##...####.#
#######..### ..
#.......## ...


You could see Maggie (mesmerising).

Vanquished Creatures
  Grinder (D:4)
  A black bear (D:6)
  A sky beast (D:6)
  A necrophage (D:4)
  A water moccasin zombie (D:4)
  A water moccasin skeleton (D:4)
  A howler monkey (D:5)
  A centaur zombie (D:4)
  3 hounds (D:5)
  An orc priest (D:5)
  3 bullfrog skeletons
  An iguana (D:4)
  An orc wizard (D:5)
  A scorpion zombie (D:4)
  A killer bee zombie (D:6)
  3 hound zombies (D:4)
  6 adders
  4 adder skeletons (D:4)
  5 adder zombies (D:4)
  3 worms
  A dart slug (D:1)
  6 orcs
  6 endoplasms
  3 giant cockroaches
  4 goblins
  5 hobgoblins
  10 jackals
  4 quokkas
  9 ball pythons
  3 bats
  6 frilled lizards
  A jackal zombie (D:4)
  3 kobolds
  8 rats
109 creatures vanquished.

Notes
Turn   | Place    | Note
-------+----------+-------------------------------------------
     0 | D:1      | Lanoc the Formicid Earth Elementalist began the quest for
                  | the Orb.
     0 | D:1      | Reached XP level 1. HP: 13/13 MP: 3/3
   450 | D:1      | Reached skill level 4 in Earth Magic
   456 | D:1      | Reached XP level 2. HP: 12/19 MP: 5/5
  1308 | D:1      | Reached XP level 3. HP: 16/24 MP: 6/6
  2101 | D:2      | Found Geha's Book Boutique.
  2185 | D:2      | Reached skill level 5 in Earth Magic
  2186 | D:2      | Reached XP level 4. HP: 7/30 MP: 4/7
  3119 | D:3      | You fall into a shaft and drop 1 floor!
  3121 | D:4      | Reached XP level 5. HP: 35/35 MP: 6/8
  3671 | D:3      | Found a transporter.
  3686 | D:3      | Found a transporter.
  3687 | D:3      | Noticed polve's ghost (amateur DsGl)
  3950 | D:3      | Learned a level 2 spell: Passwall
  4032 | D:4      | Reached skill level 6 in Earth Magic
  4076 | D:4      | Reached XP level 6. HP: 17/41 MP: 4/9
  4428 | D:4      | Noticed Grinder
  4430 | D:4      | Reached skill level 7 in Earth Magic
  4435 | D:4      | Killed Grinder
  4436 | D:4      | Reached skill level 8 in Earth Magic
  4436 | D:4      | Reached XP level 7. HP: 20/46 MP: 2/10
  5039 | D:4      | Reached XP level 8. HP: 25/52 MP: 9/11
  5615 | D:5      | Entered Level 5 of the Dungeon
  5683 | D:5      | Found a staircase to the Ecumenical Temple.
  5705 | Temple   | Entered the Ecumenical Temple
  6105 | Temple   | Became a worshipper of Ashenzari the Shackled
  6179 | D:5      | Reached skill level 9 in Earth Magic
  6813 | D:5      | Reached skill level 5 in Dodging
  6924 | D:5      | Learned a level 5 spell: Lee's Rapid Deconstruction
  7565 | D:6      | Reached skill level 10 in Earth Magic
  7597 | D:6      | Noticed Maggie
  7607 | D:6      | Slain by Maggie

Illustrated notes

Levels and vault maps discovered:
D:1:      dpeg_arrival_line_fractal, layout_basic, serial_curves,
          eino_curves_01, eino_curves_01, minmay_quantized
D:2:      layout_basic, serial_shops, shop_fountains, minmay_cupped
D:3:      cheibrodos_helix_gallery, layout_basic, gammafunk_ghost_mausoleum,
          serial_park_tiny_2
D:4:      layout_basic, serial_undead, serial_undead_c, serial_undead_d,
          serial_undead_c, serial_undead_e, serial_undead_d, serial_undead_d,
          serial_undead_d, serial_undead_c, serial_undead_c, serial_undead_e,
          kennysheep_big_empty_room, hangedman_feature_mirror, uniq_grinder
D:5:      layout_loops_corners, minmay_temple_entry_glassed_door
D:6:      layout_cave_pods, minmay_liquid_box, uniq_menkaure, uniq_eustachio,
          uniq_maggie
Temple:   roderic_octagonal_lattice_temple

Skill      XL: |  1  2  3  4  5  6  7  8 |
---------------+-------------------------+-----
Earth Magic    | 4 5 6 8 10 | 10.1
Dodging        | 2 3 4 5 |  5.3
Stealth        | |  2.4
Spellcasting   | |  2.1
Transmutations | |  1.1

Action                   |  1- 3 |  4- 6 |  7- 9 || total
-------------------------+-------+-------+-------++-------
Melee: Unarmed           |   101 |       |       ||   101
       Mace              |    52 |    14 |       ||    66
       Staff             |       |    51 |    77 ||   128
 Cast: Sandblast         |     8 |    39 |    47 ||    94
Invok: Curse Item        |       |       |     1 ||     1
 Stab: Sleeping          |     3 |     2 |       ||     5
Armor: Robe              |    35 |    27 |    16 ||    78
Dodge: Dodged            |   110 |    90 |    87 ||   287

Table legend: (Time is in decaauts)
 A = Elapsed time spent in this place.
 B = Non-inter-level travel time spent in this place.
 C = Inter-level travel time spent in this place.
 D = Time resting spent in this place.
 E = Time spent auto-exploring this place.
 F = Levels seen in this place.
 G = Mean time per level.
                   A        B        C        D        E       F      G
               +--------+--------+--------+--------+--------+-----+--------+
         Total |   7659 |   7457 |    202 |      0 |   6592 |   7 | 1094.1 |
       Dungeon |   7241 |   7076 |    165 |      0 |   6216 |   6 | 1206.8 |
        Temple |    418 |    381 |     37 |      0 |    376 |   1 |  418.0 |
               +--------+--------+--------+--------+--------+-----+--------+

Top non-repeatable levels by time:
     D:1: 1862 daAuts
     D:4: 1633 daAuts
     D:5: 1180 daAuts
     D:3: 1120 daAuts
     D:2: 1043 daAuts
  Temple: 418 daAuts
     D:6: 400 daAuts
